 Dungeon Crawl Stone Soup version 0.30.0-20-g3615ddf2f0 (webtiles) character file.

Game seed: 6921609358205357276

78864 qw the Severer (level 15, -1/96 HPs)
             Began as a Gargoyle Fighter on May 31, 2023.
             Was a High Priest of Okawaru.
             Shot with a bolt by a yaktaur captain (14 damage)
             ... on level 13 of the Dungeon.
             The game lasted 00:11:17 (17308 turns).

qw the Severer (Gargoyle Fighter)                  Turns: 17308, Time: 00:11:18

Health: -1/96      AC: 39    Str: 26    XL:     15   Next: 61%
Magic:  21/22      EV: 16    Int:  8    God:    Okawaru [*****.]
Gold:   992        SH: 14    Dex: 13    Spells: 14/14 levels left

rFire   . . .        B - +0 broad axe
rCold   + . .        k - +0 kite shield
rNeg    + . .        u - +0 plate armour
rPois   inf          t - +2 hat
rElec   +            r - +2 cloak
rCorr   +            p - +0 pair of fencer's gloves {Riposte Dex+3}
SInv    +            s - +2 pair of boots "Elaoryheqi" {rC+ rCorr Dex-5}
Will    +....        n - amulet of regeneration Stlth
                     A - ring of see invisible
HPRegen 1.16/turn    x - +5 ring of evasion
MPRegen 0.18/turn

%: no passive effects
@: about to teleport, heroic, flying
A: sickness immunity, AC +11, big wings, negative energy resistance 1,
electricity resistance, torment resistance 1, petrification resistance, thin
skeletal structure 1, agile 1
a: Renounce Religion, Heroism, Finesse, Duel


You were on level 13 of the Dungeon.
You worshipped Okawaru.
Okawaru was extremely pleased with you.
You visited 2 branches of the dungeon, and saw 18 of its levels.
You also visited: Sewer and Ossuary.

You collected 1256 gold pieces.
You spent 264 gold pieces at shops.


Innate Abilities, Weirdness & Mutations

You are immune to sickness and miasma.
Your stone body is resilient. (AC +11)
You are immune to poison.
Your large and strong wings let you fly.
You resist negative energy. (rN+)
You are resistant to electric shocks. (rElec)
You are resistant to unholy torment.
You are immune to petrification.
You have a somewhat thin skeletal structure. (Dex +2, Stealth+)
You are agile. (Dex +4, Str/Int -1)


   Skills:
 - Level 12.0(17.0) Fighting
 + Level 15.7(20.7) Axes
 - Level 6.0(11.0) Throwing
 - Level 11.1(16.1) Armour
 - Level 5.1(10.1) Dodging
 - Level 12.0(17.0) Shields
 - Level 10.0 Invocations


You had 14 spell levels left.
You didn't know any spells.
Your spell library was empty.

Inventory:

Hand Weapons
 i - a +1 demon whip of venom
 B - a +0 broad axe (weapon)
Missiles
 j - 7 boomerangs
 y - 3 silver boomerangs
 z - 3 silver javelins (quivered)
Armour
 h - the +4 skin of Zhor {*Englaciate rC+++ SInv}
   (Okawaru gifted it to you on level 1 of the Lair of Beasts)

   *Englaciate: It radiates cold, occasionally slowing all nearby creatures who
   are not resistant to cold.
   rC:        It renders you almost immune to cold.
   SInv:      It lets you see invisible.
 k - a +0 kite shield (worn)
 p - the +0 pair of fencer's gloves (worn) {Riposte Dex+3}
   (You acquired it on level 5 of the Dungeon)

   Riposte:   It allows the wearer to riposte with melee weapons, swiftly
   retaliating against missed or blocked melee attacks.
   Dex:       It affects your dexterity (+3).
 r - a +2 cloak (worn)
 s - the +2 pair of boots "Elaoryheqi" (worn) {rC+ rCorr Dex-5}
   (You found it on level 7 of the Dungeon)

   Dex:       It affects your dexterity (-5).
   rC:        It protects you from cold.
   rCorr:     It protects you from acid and corrosion.
 t - a +2 hat (worn)
 u - a +0 plate armour (worn)
 w - the +9 plate armour of Kogov {+Inv Int+8 Dex-4}
   (Okawaru gifted it to you on level 13 of the Dungeon)

   Int:       It affects your intelligence (+8).
   Dex:       It affects your dexterity (-4).
   +Inv:      It lets you turn invisible.
Jewellery
 n - an amulet of regeneration (around neck)
 x - a +5 ring of evasion (right hand)
 A - a ring of see invisible (left hand)
 Y - a +6 ring of dexterity
Scrolls
 g - 7 scrolls of identify
 v - 3 scrolls of teleportation
Potions
 a - 3 potions of lignification
 b - 2 potions of resistance
 c - 6 potions of curing
 d - 3 potions of might
 e - 5 potions of heal wounds
 f - 6 potions of haste
 l - 2 potions of cancellation
 m - 5 potions of mutation
 o - 6 potions of attraction
 q - a potion of magic

Dungeon Overview and Level Annotations

Branches:
Dungeon (13/15)            Temple (0/1) D:4            Lair (5/5) D:9
 Shoals (0/4) Lair:3        Snake (0/4) Lair:2        Slime (0/5) Lair:4
    Orc (0/2) D:9          Vaults (0/5) D:13          Sewer (visited)
Ossuary (visited)

Altars:
Ashenzari
Dithmenos
Elyvilon
Kikubaaqudgha
Nemelex Xobeh
Okawaru
Uskayaw
Xom
Jiyva

Shops:
D:2 =   D:13 ((

Annotations:
D:2 1 runed translucent door, Crazy Yiuf
D:13 Maurice
Lair:1 2 transporters, 1 runed translucent door, qw's ghost, journeyman GrFi


Message History

Maurice is lightly wounded.
You hit the yaktaur.
The yaktaur captain shoots a bolt.
You block the bolt. The yaktaur hits you!
17302 ||| INVOKING Heroism.
You gain the combat prowess of a mighty hero.
Maurice zaps a wand.
The puff of flame hits you but does no damage.
The yaktaur captain shoots a bolt.
The bolt hits you!! You block the yaktaur's attack.
You completely miss the yaktaur.
The yaktaur is moderately wounded.
You slash Maurice!
Maurice gestures wildly while chanting.
Maurice puts on a burst of speed!
The yaktaur captain shoots a bolt.
You block the bolt. The yaktaur barely misses you.
You riposte.
You slice the yaktaur!!
The yaktaur is severely wounded.
You hit Maurice. You slice the yaktaur!!
You kill the yaktaur!
Okawaru accepts your kill.
You closely miss Maurice. You block Maurice's attack.
You slash Maurice!
Maurice is heavily wounded.
Maurice misses you.
You slash Maurice!
Maurice is severely wounded.
The yaktaur captain shoots a bolt.
The bolt closely misses you.
You slash Maurice!
Maurice is almost dead.
Maurice mumbles some strange words.
Maurice blinks!
The yaktaur captain shoots a bolt.
The bolt hits you!!
17308 ||| READING 4 scrolls of teleportation.
As you read the scroll of teleportation, it crumbles to dust.
You feel strangely unstable.
Maurice shouts, "Mine, all mine!"
Maurice zaps a wand.
The puff of flame hits you!
The yaktaur captain shoots a bolt.
The bolt hits you!
You die...

..#..#.# #..#
.......#####..########
#...#..#.............###
#..............##.....
##.....#........##.#.#
....#..#..............
...##.>#........(#.#.#..
...##..#................
#..##..#..##....@###.#.
..####..........)ยค\#
..####.#.#.>#).c...#
.........#<.#.......@
...###.###..#.........
..## .. #. #####......#
.## ....### ## .#### ###


You could see a yaktaur captain and Maurice (strong, swift).

Vanquished Creatures
  Rupert (Lair:5)
  Gastronok (D:8)
  2 tengu reavers (D:12)
  3 fire giants (D:12)
  5 hydras
  A death knight (D:11)
  Erica (Lair:1)
  A centaur warrior (D:12)
  4 boulder beetles (D:12)
  A tengu warrior (D:12)
  13 death yaks
  3 two-headed ogres
  Sonja (Lair:5)
  Nergalle (D:12)
  3 skysharks
  A goliath frog (Lair:5)
  Amaemon (D:9)
  A skeletal warrior (D:12)
  Pikel (D:7)
  6 deep elf pyromancers (D:12)
  A wolf spider (D:12)
  4 manticores
  5 cyclopes
  A merfolk siren (Lair:3)
  21 elephants
  5 black mambas
  An orange demon (D:9)
  2 gargoyles
  18 cane toads
  A torpor snail (Lair:3)
  An unseen horror (D:12)
  2 rime drakes
  12 komodo dragons
  2 yaktaurs (D:13)
  2 trolls (D:12)
  3 polar bears
  2 tyrant leeches (Lair:5)
  2 hornets
  17 blink frogs
  A water elemental (D:12)
  2 wraiths (D:12)
  A shadow (D:11)
  4 wyverns
  Grum (D:9)
  44 yaks
  4 basilisks
  A steam dragon (D:10)
  10 vampire mosquitoes
  A naga (Lair:2)
  17 water moccasins
  2 hell hounds (Lair:1)
  A sky beast (D:7)
  4 black bears
  3 orc warriors
  19 wolves
  An ogre (D:7)
  2 phantoms
  7 centaurs
  2 kobold brigands (Sewer)
  4 lemures (D:7)
  An elf zombie (Ossuary)
  Blork the orc (D:4)
  16 bullfrogs
  5 gnoll sergeants
  3 scorpions (D:5)
  17 wights
  11 killer bees
  4 electric eels (Lair:5)
  2 howler monkeys
  3 hounds (D:5)
  A jelly (D:5)
  A gnoll bouda (D:4)
  5 orc priests
  2 human zombies (Ossuary)
  3 iguanas
  Ijyb (D:4)
  2 sleepcaps
  4 hell rats (Lair:2)
  10 orc wizards
  A mummy (Ossuary)
  24 gnolls
  5 adders
  A river rat (D:6)
  2 white imps
  An ufetubus (D:5)
  An adder zombie (Ossuary)
  A worm (D:6)
  A dart slug (D:4)
  50 orcs
  7 ball pythons
  7 bats
  6 endoplasms
  7 giant cockroaches
  7 goblins
  9 hobgoblins
  4 jackals (D:3)
  10 quokkas
  3 frilled lizards
  A goblin zombie (Ossuary)
  9 hobgoblin zombies (Ossuary)
  3 jackal zombies (Ossuary)
  19 kobolds
  10 kobold zombies (Ossuary)
  7 orc zombies (Ossuary)
  10 rats
582 creatures vanquished.

Vanquished Creatures (others)
  A raiju (shapeshifter) (D:12)
  A yak (D:12)
2 creatures vanquished.

Grand Total: 584 creatures vanquished

Notes
Turn   | Place    | Note
-------+----------+-------------------------------------------
     0 | D:1      | qw the Gargoyle Fighter began the quest for the Orb.
     0 | D:1      | Reached XP level 1. HP: 14/14 MP: 1/1
     0 | D:1      | 0 ||| qw: Version: 0.2-a-102-gfc559e5
     0 | D:1      | 0 ||| qw: Game counter: 589
     0 | D:1      | 0 ||| qw: Always use a shield: true
     0 | D:1      | 0 ||| qw: God list: Okawaru
     0 | D:1      | 0 ||| qw: Allow faded altars: false
     0 | D:1      | 0 ||| qw: Do Orc after D:15 true
     0 | D:1      | 0 ||| qw: Do second Lair branch before Depths: true
     0 | D:1      | 0 ||| qw: Lair rune preference: random
     0 | D:1      | 0 ||| qw: Plans: Normal, Zot:1-4, Slime:5, God:TSO, Crypt,
                  | Tomb, Pan, Hells, Abyss, Win
     0 | D:1      | 0 ||| PLANNING D:1-11
    25 | D:1      | Reached skill level 2 in Axes
    44 | D:1      | Reached XP level 2. HP: 17/19 MP: 2/2
   155 | D:1      | 155 ||| DROPPING +0 club.
   401 | D:1      | Reached skill level 3 in Axes
   501 | D:1      | Reached XP level 3. HP: 23/23 MP: 3/3
   660 | D:1      | You fall into a shaft and drop 1 floor!
   735 | D:2      | Found Mucaof's One-of-a-Kind Rings.
   736 | D:2      | 736 ||| READING scroll labelled IWERCH NOIWAO.
   737 | D:2      | 737 ||| READING 7 scrolls labelled FOSEVU GEUTTYJ.
   738 | D:2      | 738 ||| READING scroll labelled ARELER MEIDI.
   739 | D:2      | 739 ||| READING scroll labelled TANWOT LAETHU.
   740 | D:2      | 740 ||| DRINKING 2 metallic inky potions.
   741 | D:2      | 741 ||| READING 6 scrolls of identify.
   741 | D:2      | 741 ||| IDENTIFYING fuming clear potion
   742 | D:2      | 742 ||| DROPPING potion of brilliance.
   743 | D:2      | 743 ||| DROPPING potion of ambrosia.
   751 | D:2      | 751 ||| STAIRDANCE
   799 | D:1      | 799 ||| READING 5 scrolls of identify.
   799 | D:1      | 799 ||| IDENTIFYING white potion
   842 | D:2      | 842 ||| SHOPLISTING +7 ring of evasion (726 gold, have 81).
   842 | D:2      | 842 ||| SHOPLISTING +7 ring of slaying (1898 gold, have
                  | 81).
   842 | D:2      | 842 ||| SHOPLISTING ring "Kuagil" {Ice *Slow rPois rCorr
                  | Stlth+} (429 gold, have 81).
   842 | D:2      | 842 ||| SHOPLISTING ring "Ufuzxaidd" {rN+ EV+4 Str+6} (492
                  | gold, have 81).
   842 | D:2      | 842 ||| SHOPLISTING ring of Kerun {Str-5 Int+3 SInv Stlth+}
                  | (226 gold, have 81).
  1146 | D:2      | Found a runed translucent door.
  1147 | D:2      | Noticed Crazy Yiuf
  1269 | D:2      | Reached XP level 4. HP: 28/28 MP: 4/4
  1357 | D:2      | 1357 ||| Stepping ~*~*~tactically~*~*~ (stealth).
  1473 | D:2      | 1473 ||| Stepping ~*~*~tactically~*~*~ (hiding).
  1735 | D:2      | 1735 ||| UPGRADING to +0 pair of gloves.
  1740 | D:2      | 1740 ||| READING 4 scrolls of identify.
  1740 | D:2      | 1740 ||| IDENTIFYING fizzy puce potion
  1741 | D:2      | 1741 ||| READING 3 scrolls of identify.
  1741 | D:2      | 1741 ||| IDENTIFYING dark potion
  1742 | D:2      | 1742 ||| DROPPING potion of invisibility.
  1794 | D:3      | Reached skill level 4 in Axes
  1811 | D:3      | 1811 ||| Stepping ~*~*~tactically~*~*~ (stealth).
  1825 | D:3      | Found a broken altar of Ashenzari.
  1952 | D:3      | 1952 ||| Stepping ~*~*~tactically~*~*~ (stealth).
  2078 | D:3      | Identified the +4 dagger of the Median {freeze, Dex+2}
  2303 | D:3      | Found a sparkling altar of Nemelex Xobeh.
  2307 | D:3      | Found an iron altar of Okawaru.
  2308 | D:3      | 2308 ||| PLANNING OKAWARU WORSHIP
  2308 | D:3      | 2308 ||| DROPPING ring of wizardry.
  2309 | D:3      | 2309 ||| READING scroll labelled DIRYF UNEV.
  2310 | D:3      | 2310 ||| READING scroll labelled LEOGOW MOTOSS.
  2313 | D:3      | 2313 ||| DRINKING 2 bubbling brown potions.
  2314 | D:3      | 2314 ||| READING 3 scrolls of identify.
  2314 | D:3      | 2314 ||| IDENTIFYING blue potion
  2315 | D:3      | 2315 ||| READING 2 scrolls of identify.
  2315 | D:3      | 2315 ||| IDENTIFYING fizzy red potion
  2349 | D:3      | Found a hide-covered altar of Uskayaw.
  2351 | D:3      | Became a worshipper of Warmaster Okawaru
  2351 | D:3      | 2351 ||| PLANNING D:1-11
  2353 | D:3      | Found a shadowy altar of Dithmenos.
  2509 | D:4      | Noticed a phantom
  2523 | D:4      | Killed a phantom
  2524 | D:4      | Reached skill level 5 in Axes
  2524 | D:4      | Reached XP level 5. HP: 28/32 MP: 5/5
  2606 | D:4      | Found a staircase to the Ecumenical Temple.
  2707 | D:4      | 2707 ||| Stepping ~*~*~tactically~*~*~ (stealth).
  2729 | D:4      | 2729 ||| DROPPING +0 whip.
  2768 | D:4      | Noticed Ijyb
  2777 | D:4      | Killed Ijyb
  2778 | D:4      | Reached XP level 6. HP: 17/39 MP: 6/6
  3011 | D:4      | Reached skill level 1 in Dodging
  3014 | D:4      | Reached * piety under Okawaru
  3015 | D:4      | 3015 ||| INVOKING Heroism.
  3117 | D:4      | Noticed Blork the orc
  3129 | D:4      | Killed Blork the orc
  3329 | D:4      | 3329 ||| Stepping ~*~*~tactically~*~*~ (stealth).
  3452 | D:4      | 3452 ||| UPGRADING to +0 chain mail.
  3462 | D:4      | 3462 ||| DROPPING +0 scale mail.
  3463 | D:4      | 3463 ||| READING scroll labelled EFILUUJ EBAD.
  3464 | D:4      | 3464 ||| READING scroll labelled YPIT HEIGEAR.
  3485 | D:5      | Entered Level 5 of the Dungeon
  3486 | D:5      | 3486 ||| PLANNING OSSUARY
  3599 | D:5      | Reached skill level 6 in Axes
  3599 | D:5      | Reached XP level 7. HP: 44/44 MP: 7/7
  3736 | D:5      | Reached skill level 1 in Invocations
  3743 | D:5      | Found a sand-covered staircase.
  3744 | D:5      | 3744 ||| READING scroll labelled KUMASHU TAIGEUTZ.
  3745 | D:5      | 3745 ||| READING scroll labelled OROMUR HAOKLORR.
  3746 | D:5      | 3746 ||| READING 4 scrolls of identify.
  3746 | D:5      | 3746 ||| IDENTIFYING murky brown potion
  3747 | D:5      | 3747 ||| DROPPING potion of berserk rage.
  3757 | Ossuary  | Entered an ossuary
  3836 | Ossuary  | 3836 ||| Stepping ~*~*~tactically~*~*~ (stealth).
  3837 | Ossuary  | 3837 ||| Stepping ~*~*~tactically~*~*~ (stealth).
  3841 | Ossuary  | 3841 ||| FLEEEEING.
  3843 | Ossuary  | 3843 ||| FLEEEEING.
  3844 | Ossuary  | 3844 ||| FLEEEEING.
  3845 | Ossuary  | 3845 ||| FLEEEEING.
  3846 | Ossuary  | 3846 ||| FLEEEEING.
  3847 | Ossuary  | 3847 ||| FLEEEEING.
  3851 | Ossuary  | 3851 ||| FLEEEEING.
  3852 | Ossuary  | 3852 ||| FLEEEEING.
  3853 | Ossuary  | 3853 ||| FLEEEEING.
  3854 | Ossuary  | 3854 ||| FLEEEEING.
  3855 | Ossuary  | 3855 ||| FLEEEEING.
  3856 | Ossuary  | 3856 ||| FLEEEEING.
  3857 | Ossuary  | 3857 ||| FLEEEEING.
  3858 | Ossuary  | 3858 ||| FLEEEEING.
  3859 | Ossuary  | 3859 ||| FLEEEEING.
  3860 | Ossuary  | 3860 ||| FLEEEEING.
  3953 | Ossuary  | 3953 ||| Stepping ~*~*~tactically~*~*~ (stealth).
  4014 | Ossuary  | Reached skill level 7 in Axes
  4085 | Ossuary  | 4085 ||| READING 2 scrolls labelled XADUHE GAESTI.
  4086 | Ossuary  | 4086 ||| DRINKING 2 fizzy inky potions.
  4087 | Ossuary  | 4087 ||| DRINKING 2 lumpy cyan potions.
  4087 | Ossuary  | Gained mutation: You have a somewhat thin skeletal
                  | structure. (Dex +2, Stealth+) [potion of mutation]
  4087 | Ossuary  | Gained mutation: You are agile. (Dex +4, Str/Int -1)
                  | [potion of mutation]
  4088 | Ossuary  | 4088 ||| DROPPING scroll of poison.
  4097 | D:5      | 4097 ||| PLANNING D:1-11
  4173 | D:5      | 4173 ||| Stepping ~*~*~tactically~*~*~ (stealth).
  4183 | D:5      | Reached skill level 3 in Invocations
  4183 | D:5      | Reached XP level 8. HP: 39/48 MP: 10/10
  4439 | D:5      | 4439 ||| INVOKING Heroism.
  4618 | D:5      | 4618 ||| Stepping ~*~*~tactically~*~*~ (stealth).
  4726 | D:5      | 4726 ||| Stepping ~*~*~tactically~*~*~ (stealth).
  4727 | D:5      | 4727 ||| Stepping ~*~*~tactically~*~*~ (stealth).
  4739 | D:5      | 4739 ||| INVOKING Heroism.
  4766 | D:5      | 4766 ||| Stepping ~*~*~tactically~*~*~ (stealth).
  4788 | D:5      | 4788 ||| Stepping ~*~*~tactically~*~*~ (stealth).
  4789 | D:5      | 4789 ||| Stepping ~*~*~tactically~*~*~ (stealth).
  4917 | D:5      | 4917 ||| UPGRADING to +0 pair of boots.
  4922 | D:5      | 4922 ||| READING scroll labelled GOVOSA RILAOCE.
  4923 | D:5      | 4923 ||| READING scroll labelled ZOUH EGOCYSOPTOEST.
  4923 | D:5      | Identified a scroll of acquirement
  4923 | D:5      | 4923 ||| ACQUIRING +0 pair of fencer's gloves {Riposte
                  | Dex+3}
  4923 | D:5      | Acquired the +0 pair of fencer's gloves {Riposte Dex+3}
  4923 | D:5      | Found the +0 pair of fencer's gloves {Riposte Dex+3}
  4925 | D:5      | 4925 ||| UPGRADING to +0 pair of fencer's gloves {Riposte
                  | Dex+3}.
  4935 | D:5      | 4935 ||| DROPPING +0 pair of gloves.
  4957 | D:6      | 4957 ||| PLANNING SEWER
  4968 | D:6      | 4968 ||| Stepping ~*~*~tactically~*~*~ (hiding).
  4971 | D:6      | 4971 ||| INVOKING Heroism.
  5032 | D:6      | 5032 ||| INVOKING Heroism.
  5120 | D:6      | Found a glowing drain.
  5132 | Sewer    | Entered a sewer
  5278 | Sewer    | 5278 ||| INVOKING Heroism.
  5419 | Sewer    | 5419 ||| Stepping ~*~*~tactically~*~*~ (hiding).
  5435 | Sewer    | Reached skill level 8 in Axes
  5455 | Sewer    | 5455 ||| READING scroll labelled JIT UXKIANKOI.
  5489 | Sewer    | 5489 ||| READING 6 scrolls of identify.
  5489 | Sewer    | 5489 ||| IDENTIFYING viscous black potion
  5497 | D:6      | 5497 ||| PLANNING D:1-11
  5562 | D:6      | 5562 ||| Stepping ~*~*~tactically~*~*~ (stealth).
  5567 | D:6      | 5567 ||| Stepping ~*~*~tactically~*~*~ (stealth).
  5570 | D:6      | 5570 ||| Stepping ~*~*~tactically~*~*~ (stealth).
  5575 | D:6      | 5575 ||| Stepping ~*~*~tactically~*~*~ (hiding).
  5602 | D:6      | 5602 ||| Stepping ~*~*~tactically~*~*~ (stealth).
  5620 | D:6      | 5620 ||| Stepping ~*~*~tactically~*~*~ (hiding).
  5623 | D:6      | 5623 ||| Stepping ~*~*~tactically~*~*~ (hiding).
  5628 | D:6      | 5628 ||| DRINKING potion of curing.
  5628 | D:6      | 5628 ||| (to cure confusion)
  5707 | D:6      | 5707 ||| INVOKING Heroism.
  5758 | D:6      | 5758 ||| Stepping ~*~*~tactically~*~*~ (stealth).
  5911 | D:6      | 5911 ||| UPGRADING to +0 kite shield.
  5921 | D:6      | 5921 ||| DROPPING +0 buckler.
  5922 | D:6      | 5922 ||| READING 5 scrolls of identify.
  5922 | D:6      | 5922 ||| IDENTIFYING coppery potion
  5923 | D:6      | 5923 ||| DROPPING potion of flight.
  5952 | D:7      | Noticed Pikel
  5953 | D:7      | 5953 ||| INVOKING Heroism.
  5953 | D:7      | Noticed a wyvern
  5963 | D:7      | Killed a wyvern
  5964 | D:7      | Reached XP level 9. HP: 52/54 MP: 10/12
  5966 | D:7      | Killed Pikel
  5966 | D:7      | Reached ** piety under Okawaru
  5967 | D:7      | Reached skill level 6 in Shields
  5999 | D:7      | 5999 ||| INVOKING Heroism.
  6057 | D:7      | 6057 ||| Stepping ~*~*~tactically~*~*~ (stealth).
  6072 | D:7      | 6072 ||| Stepping ~*~*~tactically~*~*~ (stealth).
  6074 | D:7      | 6074 ||| Stepping ~*~*~tactically~*~*~ (hiding).
  6077 | D:7      | 6077 ||| Stepping ~*~*~tactically~*~*~ (hiding).
  6079 | D:7      | 6079 ||| Stepping ~*~*~tactically~*~*~ (hiding).
  6132 | D:7      | Reached skill level 6 in Fighting
  6212 | D:7      | 6212 ||| Stepping ~*~*~tactically~*~*~ (stealth).
  6362 | D:7      | 6362 ||| READING scroll of enchant weapon.
  6362 | D:7      | 6362 ||| ENCHANTING +1 war axe of protection.
  6374 | D:7      | Identified the +2 pair of boots "Elaoryheqi" {rC+ rCorr
                  | Dex-5}
  6401 | D:7      | 6401 ||| INVOKING Heroism.
  6458 | D:7      | 6458 ||| Stepping ~*~*~tactically~*~*~ (hiding).
  6459 | D:7      | 6459 ||| Stepping ~*~*~tactically~*~*~ (hiding).
  6461 | D:7      | 6461 ||| Stepping ~*~*~tactically~*~*~ (hiding).
  6463 | D:7      | 6463 ||| Stepping ~*~*~tactically~*~*~ (hiding).
  6464 | D:7      | 6464 ||| Stepping ~*~*~tactically~*~*~ (hiding).
  6465 | D:7      | 6465 ||| Stepping ~*~*~tactically~*~*~ (hiding).
  6466 | D:7      | 6466 ||| Stepping ~*~*~tactically~*~*~ (hiding).
  6618 | D:7      | Noticed a cyclops
  6619 | D:7      | 6619 ||| INVOKING Heroism.
  6624 | D:7      | Killed a cyclops
  6625 | D:7      | Reached skill level 9 in Axes
  6625 | D:7      | Reached XP level 10. HP: 56/60 MP: 10/13
  6834 | D:7      | 6834 ||| DROPPING scarf of harm.
  6835 | D:7      | 6835 ||| UPGRADING to +0 cloak.
  6840 | D:7      | 6840 ||| UPGRADING to +2 pair of boots "Elaoryheqi" {rC+
                  | rCorr Dex-5}.
  6850 | D:7      | 6850 ||| DROPPING +0 pair of boots.
  6851 | D:7      | 6851 ||| READING 5 scrolls of identify.
  6851 | D:7      | 6851 ||| IDENTIFYING cyan potion
  6998 | D:8      | 6998 ||| DROPPING +0 flail.
  7031 | D:8      | Reached *** piety under Okawaru
  7061 | D:8      | 7061 ||| INVOKING Heroism.
  7086 | D:8      | 7086 ||| Stepping ~*~*~tactically~*~*~ (stealth).
  7098 | D:8      | 7098 ||| Stepping ~*~*~tactically~*~*~ (stealth).
  7141 | D:8      | 7141 ||| INVOKING Heroism.
  7191 | D:8      | 7191 ||| INVOKING Heroism.
  7206 | D:8      | Reached skill level 9 in Shields
  7216 | D:8      | 7216 ||| INVOKING Heroism.
  7233 | D:8      | 7233 ||| Stepping ~*~*~tactically~*~*~ (stealth).
  7241 | D:8      | 7241 ||| INVOKING Heroism.
  7419 | D:8      | Noticed Gastronok
  7420 | D:8      | 7420 ||| INVOKING Heroism.
  7444 | D:8      | 7444 ||| INVOKING Heroism.
  7452 | D:8      | HP: 15/63 [Gastronok/the air (14)]
  7453 | D:8      | 7453 ||| READING 2 scrolls of teleportation.
  7454 | D:8      | 7454 ||| DRINKING potion of heal wounds.
  7623 | D:8      | 7623 ||| INVOKING Heroism.
  7638 | D:8      | Killed Gastronok
  7639 | D:8      | Reached skill level 10 in Axes
  7800 | D:8      | 7800 ||| Stepping ~*~*~tactically~*~*~ (hiding).
  7938 | D:8      | 7938 ||| Stepping ~*~*~tactically~*~*~ (hiding).
  7945 | D:8      | Reached skill level 6 in Armour
  7953 | D:8      | Reached XP level 11. HP: 67/67 MP: 14/14
  8107 | D:8      | 8107 ||| Stepping ~*~*~tactically~*~*~ (hiding).
  8127 | D:8      | Reached skill level 1 in Throwing
  8395 | D:8      | 8395 ||| UPGRADING to +1 hat.
  8400 | D:8      | 8400 ||| UPGRADING to +0 plate armour.
  8410 | D:8      | 8410 ||| DROPPING +0 chain mail.
  8411 | D:8      | 8411 ||| UPGRADING to amulet of regeneration.
  8416 | D:8      | 8416 ||| DROPPING ring of flight.
  8477 | D:9      | 8477 ||| Stepping ~*~*~tactically~*~*~ (hiding).
  8479 | D:9      | 8479 ||| Stepping ~*~*~tactically~*~*~ (hiding).
  8594 | D:9      | Found a white marble altar of Elyvilon.
  8597 | D:9      | 8597 ||| Stepping ~*~*~tactically~*~*~ (stealth).
  8618 | D:9      | 8618 ||| Stepping ~*~*~tactically~*~*~ (stealth).
  8620 | D:9      | 8620 ||| Stepping ~*~*~tactically~*~*~ (hiding).
  8634 | D:9      | 8634 ||| DROPPING +1 flail of holy wrath.
  8643 | D:9      | Noticed Grum
  8644 | D:9      | 8644 ||| Stepping ~*~*~tactically~*~*~ (hiding).
  8647 | D:9      | 8647 ||| INVOKING Heroism.
  8654 | D:9      | Killed Grum
  8698 | D:9      | 8698 ||| Stepping ~*~*~tactically~*~*~ (stealth).
  8737 | D:9      | 8737 ||| Stepping ~*~*~tactically~*~*~ (hiding).
  8738 | D:9      | 8738 ||| Stepping ~*~*~tactically~*~*~ (hiding).
  8761 | D:9      | Noticed Amaemon
  8762 | D:9      | 8762 ||| Stepping ~*~*~tactically~*~*~ (hiding).
  8763 | D:9      | 8763 ||| Stepping ~*~*~tactically~*~*~ (hiding).
  8765 | D:9      | 8765 ||| Stepping ~*~*~tactically~*~*~ (hiding).
  8766 | D:9      | 8766 ||| Stepping ~*~*~tactically~*~*~ (hiding).
  8768 | D:9      | 8768 ||| INVOKING Heroism.
  8780 | D:9      | Killed Amaemon
  8780 | D:9      | Reached **** piety under Okawaru
  8781 | D:9      | Reached skill level 3 in Throwing
  8782 | D:9      | 8782 ||| Stepping ~*~*~tactically~*~*~ (stealth).
  8795 | D:9      | 8795 ||| Stepping ~*~*~tactically~*~*~ (stealth).
  8813 | D:9      | 8813 ||| DROPPING +5 morningstar.
  8821 | D:9      | 8821 ||| Stepping ~*~*~tactically~*~*~ (stealth).
  8822 | D:9      | 8822 ||| Stepping ~*~*~tactically~*~*~ (stealth).
  8824 | D:9      | 8824 ||| Stepping ~*~*~tactically~*~*~ (stealth).
  8829 | D:9      | 8829 ||| INVOKING Heroism.
  8832 | D:9      | 8832 ||| Stepping ~*~*~tactically~*~*~ (hiding).
  8843 | D:9      | 8843 ||| Stepping ~*~*~tactically~*~*~ (stealth).
  8864 | D:9      | Found a staircase to the Orcish Mines.
  9058 | D:9      | Noticed a death yak
  9058 | D:9      | Noticed a death yak
  9058 | D:9      | Noticed a death yak
  9058 | D:9      | Noticed a death yak
  9058 | D:9      | Noticed a death yak
  9059 | D:9      | 9059 ||| INVOKING Heroism.
  9060 | D:9      | Noticed a death yak
  9068 | D:9      | Noticed a death yak
  9068 | D:9      | Noticed a death yak
  9075 | D:9      | 9075 ||| INVOKING Heroism.
  9081 | D:9      | Killed a death yak
  9094 | D:9      | Killed a death yak
  9095 | D:9      | Reached skill level 11 in Axes
  9107 | D:9      | Killed a death yak
  9108 | D:9      | HP: 17/68 [death yak (9)]
  9109 | D:9      | 9109 ||| READING scroll of teleportation.
  9113 | D:9      | HP: 16/68 [death yak (5)]
  9114 | D:9      | 9114 ||| DRINKING potion of heal wounds.
  9151 | D:9      | 9151 ||| Stepping ~*~*~tactically~*~*~ (stealth).
  9154 | D:9      | 9154 ||| INVOKING Heroism.
  9174 | D:9      | Killed a death yak
  9175 | D:9      | Reached skill level 6 in Invocations
  9176 | D:9      | Killed a death yak
  9176 | D:9      | Reached ***** piety under Okawaru
  9177 | D:9      | 9177 ||| INVOKING Finesse.
  9190 | D:9      | Killed a death yak
  9193 | D:9      | Killed a death yak
  9193 | D:9      | Killed a death yak
  9194 | D:9      | Reached XP level 12. HP: 29/73 MP: 11/17
  9235 | D:9      | Found a staircase to the Lair.
  9413 | D:9      | 9413 ||| PLANNING LAIR
  9413 | D:9      | 9413 ||| READING scroll labelled DONUTHEUDGH.
  9421 | Lair:1   | Entered Level 1 of the Lair of Beasts
  9540 | Lair:1   | 9540 ||| INVOKING Heroism.
  9543 | Lair:1   | Received a gift from Okawaru
  9702 | Lair:1   | Found a transporter.
  9715 | Lair:1   | 9715 ||| READING 2 scrolls of enchant armour.
  9715 | Lair:1   | 9715 ||| ENCHANTING +1 hat.
  9716 | Lair:1   | 9716 ||| READING scroll of enchant armour.
  9716 | Lair:1   | 9716 ||| ENCHANTING +0 cloak.
  9722 | Lair:1   | 9722 ||| INVOKING Heroism.
  9723 | Lair:1   | 9723 ||| Stepping ~*~*~tactically~*~*~ (stealth).
  9752 | Lair:1   | 9752 ||| Stepping ~*~*~tactically~*~*~ (stealth).
  9796 | Lair:1   | Received a gift from Okawaru
  9796 | Lair:1   | Found the +4 skin of Zhor {*Englaciate rC+++ SInv}
  9864 | Lair:1   | Noticed Erica
  9865 | Lair:1   | 9865 ||| INVOKING Heroism.
  9866 | Lair:1   | 9866 ||| INVOKING Finesse.
  9876 | Lair:1   | Killed Erica
  9877 | Lair:1   | Reached skill level 9 in Fighting
  9949 | Lair:1   | Found a transporter.
  9954 | Lair:1   | 9954 ||| INVOKING Heroism.
  9965 | Lair:1   | Reached skill level 9 in Invocations
 10060 | Lair:1   | Found a runed translucent door.
 10063 | Lair:1   | Noticed qw's ghost (journeyman GrFi)
 10063 | Lair:1   | Identified the +2 trident "Sotel" {venom, Int+3}
 10266 | Lair:1   | 10266 ||| DROPPING +0 helmet.
 10267 | Lair:1   | 10267 ||| UPGRADING to +6 ring of dexterity.
 10283 | Lair:2   | 10283 ||| INVOKING Heroism.
 10301 | Lair:2   | Reached skill level 3 in Dodging
 10369 | Lair:2   | Found a staircase to the Snake Pit.
 10382 | Lair:2   | 10382 ||| INVOKING Heroism.
 10543 | Lair:2   | Noticed a skyshark
 10560 | Lair:2   | Killed a skyshark
 10608 | Lair:2   | Noticed a four-headed hydra
 10610 | Lair:2   | 10610 ||| INVOKING Heroism.
 10611 | Lair:2   | 10611 ||| SWAPPING to +1 demon whip of venom.
 10620 | Lair:2   | Killed a four-headed hydra
 10621 | Lair:2   | Reached skill level 12 in Axes
 10621 | Lair:2   | 10621 ||| SWAPPING to +2 war axe of protection.
 10681 | Lair:2   | 10681 ||| Stepping ~*~*~tactically~*~*~ (stealth).
 10683 | Lair:2   | 10683 ||| Stepping ~*~*~tactically~*~*~ (stealth).
 10684 | Lair:2   | Noticed a death yak
 10684 | Lair:2   | Noticed a death yak
 10685 | Lair:2   | 10685 ||| INVOKING Heroism.
 10686 | Lair:2   | Noticed a death yak
 10687 | Lair:2   | 10687 ||| Stepping ~*~*~tactically~*~*~ (stealth).
 10693 | Lair:2   | Noticed a death yak
 10695 | Lair:2   | Reached XP level 13. HP: 75/80 MP: 18/20
 10710 | Lair:2   | Reached skill level 9 in Armour
 10714 | Lair:2   | Received a gift from Okawaru
 10738 | Lair:2   | 10738 ||| INVOKING Heroism.
 10789 | Lair:2   | 10789 ||| Stepping ~*~*~tactically~*~*~ (stealth).
 10791 | Lair:2   | 10791 ||| Stepping ~*~*~tactically~*~*~ (stealth).
 10953 | Lair:2   | Received a gift from Okawaru
 11231 | Lair:2   | 11231 ||| DROPPING amulet of guardian spirit.
 11232 | Lair:2   | 11232 ||| UPGRADING to +5 ring of evasion.
 11233 | Lair:2   | 11233 ||| READING 6 scrolls of identify.
 11233 | Lair:2   | 11233 ||| IDENTIFYING red potion
 11234 | Lair:2   | 11234 ||| DROPPING potion of degeneration.
 11468 | Lair:3   | 11468 ||| INVOKING Heroism.
 11495 | Lair:3   | 11495 ||| Stepping ~*~*~tactically~*~*~ (hiding).
 11543 | Lair:3   | 11543 ||| Stepping ~*~*~tactically~*~*~ (stealth).
 11544 | Lair:3   | 11544 ||| Stepping ~*~*~tactically~*~*~ (stealth).
 11545 | Lair:3   | 11545 ||| Stepping ~*~*~tactically~*~*~ (stealth).
 11548 | Lair:3   | 11548 ||| Stepping ~*~*~tactically~*~*~ (hiding).
 11561 | Lair:3   | Reached skill level 13 in Axes
 11690 | Lair:3   | 11690 ||| INVOKING Heroism.
 11744 | Lair:3   | 11744 ||| INVOKING Heroism.
 11745 | Lair:3   | 11745 ||| INVOKING Finesse.
 11748 | Lair:3   | 11748 ||| SWAPPING to +1 demon whip of venom.
 11756 | Lair:3   | 11756 ||| SWAPPING to +2 war axe of protection.
 11988 | Lair:3   | 11988 ||| INVOKING Heroism.
 12111 | Lair:3   | Found a staircase to the Shoals.
 12217 | Lair:3   | 12217 ||| READING scroll labelled WUOFOUSTAM.
 12269 | Lair:4   | 12269 ||| Stepping ~*~*~tactically~*~*~ (stealth).
 12270 | Lair:4   | 12270 ||| INVOKING Heroism.
 12305 | Lair:4   | Found a shimmering altar of Xom.
 12341 | Lair:4   | 12341 ||| Stepping ~*~*~tactically~*~*~ (stealth).
 12349 | Lair:4   | Received a gift from Okawaru
 12355 | Lair:4   | 12355 ||| INVOKING Heroism.
 12431 | Lair:4   | Gained mutation: Your large and strong wings let you fly.
                  | [Gargoyle growth]
 12431 | Lair:4   | Reached XP level 14. HP: 88/88 MP: 21/21
 12503 | Lair:4   | Received a gift from Okawaru
 12538 | Lair:4   | 12538 ||| READING scroll of enchant armour.
 12538 | Lair:4   | 12538 ||| ENCHANTING +1 cloak.
 12835 | Lair:4   | 12835 ||| Stepping ~*~*~tactically~*~*~ (stealth).
 12937 | Lair:4   | Found a staircase to the Slime Pits.
 12938 | Lair:4   | Found a viscous altar of Jiyva.
 13014 | Lair:4   | Received a gift from Okawaru
 13302 | Lair:5   | Entered Level 5 of the Lair of Beasts
 13303 | Lair:5   | 13303 ||| PLANNING GAUNTLET
 13349 | Lair:5   | Reached skill level 14 in Axes
 13442 | Lair:5   | 13442 ||| Stepping ~*~*~tactically~*~*~ (stealth).
 13464 | Lair:5   | 13464 ||| INVOKING Heroism.
 13596 | Lair:5   | Identified the +2 leather armour "Taagol" {Harm rF- rN++
                  | Int+4}
 13646 | Lair:5   | 13646 ||| INVOKING Heroism.
 13649 | Lair:5   | 13649 ||| INVOKING Finesse.
 13661 | Lair:5   | 13661 ||| SWAPPING to +1 demon whip of venom.
 13674 | Lair:5   | Identified the +3 executioner's axe of Slow Death {heavy,
                  | SInv} (Okawaru gifted it to you on level 5 of the Lair of
                  | Beasts)
 13674 | Lair:5   | Received a gift from Okawaru
 13675 | Lair:5   | Reached skill level 12 in Shields
 13678 | Lair:5   | 13678 ||| SWAPPING to +2 war axe of protection.
 13772 | Lair:5   | 13772 ||| Stepping ~*~*~tactically~*~*~ (stealth).
 13773 | Lair:5   | 13773 ||| Stepping ~*~*~tactically~*~*~ (stealth).
 13774 | Lair:5   | 13774 ||| Stepping ~*~*~tactically~*~*~ (stealth).
 13775 | Lair:5   | 13775 ||| INVOKING Heroism.
 13776 | Lair:5   | 13776 ||| INVOKING Finesse.
 13780 | Lair:5   | 13780 ||| SWAPPING to +1 demon whip of venom.
 13790 | Lair:5   | 13790 ||| SWAPPING to +2 war axe of protection.
 13884 | Lair:5   | 13884 ||| RIP GAUNTLET
 13998 | Lair:5   | 13998 ||| PLANNING LAIR
 14011 | Lair:5   | Noticed Rupert
 14012 | Lair:5   | 14012 ||| INVOKING Heroism.
 14012 | Lair:5   | Paralysed by Rupert for 4 turns
 14016 | Lair:5   | 14016 ||| INVOKING Finesse.
 14040 | Lair:5   | Killed Rupert
 14193 | Lair:5   | Noticed Sonja
 14194 | Lair:5   | 14194 ||| INVOKING Finesse.
 14198 | Lair:5   | 14198 ||| INVOKING Heroism.
 14211 | Lair:5   | 14211 ||| SWAPPING to +1 demon whip of venom.
 14222 | Lair:5   | 14222 ||| SWAPPING to +2 war axe of protection.
 14225 | Lair:5   | Killed Sonja
 14226 | Lair:5   | Reached skill level 6 in Throwing
 14265 | Lair:5   | 14265 ||| Stepping ~*~*~tactically~*~*~ (stealth).
 14354 | Lair:5   | 14354 ||| INVOKING Heroism.
 14668 | Lair:5   | 14668 ||| PLANNING D:1-11
 14787 | D:10     | Entered Level 10 of the Dungeon
 14872 | D:10     | 14872 ||| Stepping ~*~*~tactically~*~*~ (stealth).
 14911 | D:10     | 14911 ||| Stepping ~*~*~tactically~*~*~ (stealth).
 14912 | D:10     | 14912 ||| Stepping ~*~*~tactically~*~*~ (stealth).
 15718 | D:11     | 15718 ||| Stepping ~*~*~tactically~*~*~ (hiding).
 15741 | D:11     | 15741 ||| INVOKING Heroism.
 15968 | D:11     | 15968 ||| PLANNING D
 16091 | D:12     | Reached skill level 15 in Axes
 16091 | D:12     | Reached XP level 15. HP: 86/94 MP: 22/22
 16157 | D:12     | Found an ancient bone altar of Kikubaaqudgha.
 16262 | D:12     | 16262 ||| Stepping ~*~*~tactically~*~*~ (stealth).
 16267 | D:12     | 16267 ||| Stepping ~*~*~tactically~*~*~ (hiding).
 16268 | D:12     | 16268 ||| Stepping ~*~*~tactically~*~*~ (hiding).
 16283 | D:12     | Noticed Nergalle
 16310 | D:12     | Killed Nergalle
 16337 | D:12     | 16337 ||| Stepping ~*~*~tactically~*~*~ (hiding).
 16338 | D:12     | 16338 ||| Stepping ~*~*~tactically~*~*~ (hiding).
 16339 | D:12     | 16339 ||| Stepping ~*~*~tactically~*~*~ (hiding).
 16340 | D:12     | 16340 ||| Stepping ~*~*~tactically~*~*~ (hiding).
 16388 | D:12     | 16388 ||| INVOKING Heroism.
 16429 | D:12     | Noticed a fire giant
 16430 | D:12     | 16430 ||| INVOKING Finesse.
 16431 | D:12     | 16431 ||| INVOKING Heroism.
 16436 | D:12     | Noticed a tengu reaver
 16440 | D:12     | Received a gift from Okawaru
 16450 | D:12     | Reached skill level 12 in Fighting
 16452 | D:12     | Killed a fire giant
 16452 | D:12     | Noticed a fire giant
 16457 | D:12     | Noticed a fire giant
 16464 | D:12     | Killed a tengu reaver
 16476 | D:12     | Killed a fire giant
 16482 | D:12     | Killed a fire giant
 16487 | D:12     | Received a gift from Okawaru
 16568 | D:12     | Noticed a tengu reaver
 16569 | D:12     | 16569 ||| Stepping ~*~*~tactically~*~*~ (stealth).
 16571 | D:12     | 16571 ||| Stepping ~*~*~tactically~*~*~ (hiding).
 16742 | D:12     | 16742 ||| UPGRADING to ring of see invisible.
 16958 | D:12     | 16958 ||| INVOKING Heroism.
 16975 | D:12     | Killed a tengu reaver
 17239 | D:13     | Found Yplu's Weapon Boutique.
 17239 | D:13     | Found Evohys's Antique Weapon Emporium.
 17244 | D:13     | 17244 ||| BUYING broad axe (96 gold).
 17244 | D:13     | Bought a broad axe for 96 gold pieces
 17244 | D:13     | 17244 ||| BUYING glowing morningstar (168 gold).
 17244 | D:13     | Bought a glowing morningstar for 168 gold pieces
 17244 | D:13     | 17244 ||| SWAPPING to +0 broad axe.
 17245 | D:13     | 17245 ||| DROPPING +2 war axe of protection.
 17246 | D:13     | 17246 ||| DROPPING +0 morningstar of holy wrath.
 17262 | D:13     | Identified the +9 plate armour of Kogov {+Inv Int+8 Dex-4}
                  | (Okawaru gifted it to you on level 13 of the Dungeon)
 17262 | D:13     | Received a gift from Okawaru
 17292 | D:13     | Found a gate to the Vaults.
 17293 | D:13     | Noticed Maurice
 17302 | D:13     | 17302 ||| INVOKING Heroism.
 17307 | D:13     | HP: 21/96 [yaktaur captain/bolt (24)]
 17308 | D:13     | 17308 ||| READING 4 scrolls of teleportation.
 17308 | D:13     | Shot with a bolt by a yaktaur captain

Levels and vault maps discovered:
D:1:      minmay_arrival_four_houses, layout_loops_ring
D:2:      layout_loops_corners, amcnicky_mini_pool_small, grunt_ministairs_1,
          st_stairs_7, nicolae_shop_unique_rings, uniq_crazy_yiuf_cottage
D:3:      layout_basic, nicolae_ashenzari_panopticon, minitemple, minivault_14
D:4:      layout_basic, minmay_temple_entry_overgrown, uniq_blork_the_orc,
          uniq_ijyb
D:5:      minmay_skewed_foursquare, layout_loops_ring,
          lightli_ossuary_entry_decrepit_ruins
D:6:      layout_rooms, gup_sewer_entry_bubbles
D:7:      minmay_inner_zag, layout_cave_pools, uniq_pikel
D:8:      layout_basic, serial_bayou_pond_b, chequers_serial_rivers_room_a,
          grunt_ministairs_13, uniq_gastronok
D:9:      layout_loops_ring, elyvilon_altar_1, dpeg_lair_monsters,
          hiddenorc1_lemuel, uniq_grum, uniq_amaemon
D:10:     layout_rooms, minmay_misc_feat_nine_boxes
D:11:     layout_roguey
D:12:     lemuel_traditional_vault, layout_loops_ring, minmay_misc_feat_rugged,
          hangedman_abyss_or_decor_passed, grunt_decor_cap,
          kiku_gazebo_garden_becter, uniq_nergalle
D:13:     layout_rooms, david_vaults_2, serial_shops, nicolae_shop_scrapyard,
          nicolae_shop_competitors_out_of_business, nicolae_shop_stone,
          okawaru_gym_becter, uniq_maurice
Lair:1:   gammafunk_cloud_chamber, layout_long_grid,
          ebering_ghost_funeral_grove, enter_volcano_3, uniq_erica
Lair:2:   layout_small_grid, guppyfry_snake_entry_garden, lemuel_fruit_tree
Lair:3:   layout_small_grid, minmay_shoals_entry_lonely_mermaid,
          guppyfry_lair_drakes
Lair:4:   layout_cave_pods, slime_entry_1, basic_altar,
          grunt_forest_small_clearings, grunt_megastairs_3
Lair:5:   minmay_lair_end_frog_pond, layout_cave_shapes, gauntlet_entry_generic,
          serial_bayou_shore_a, uniq_sonja, uniq_rupert

Skill      XL: |  1  2  3  4  5  6  7  8  9 10 11 12 13 14 15 |
---------------+----------------------------------------------+-----
Axes           | 2 3 5 6 7 8 9 10 11 12 13 15 | 15.7
Fighting       | 4 5 6 7 8 9 10 11 12 | 12.0
Dodging        | 1 2 3 4 5 |  5.1
Invocations    | 3 4 7 10 | 10.0
Armour         | 4 6 8 10 11 | 11.1
Shields        | 4 8 9 10 11 12 | 12.0
Throwing       | 3 4 6 |  6.0

Action                     |  1- 3 |  4- 6 |  7- 9 | 10-12 | 13-15 || total
---------------------------+-------+-------+-------+-------+-------++-------
  Melee: War axe           |   116 |   129 |   377 |   610 |   834 ||  2066
         Demon whip        |       |       |       |     9 |    42 ||    51
         Broad axe         |       |       |       |       |    12 ||    12
  Throw: Boomerang         |       |     2 |    26 |     4 |    42 ||    74
         Javelin           |       |       |       |    49 |    83 ||   132
 Invoke: Heroism           |       |     1 |    10 |    22 |    18 ||    51
         Finesse           |       |       |       |     2 |     6 ||     8
    Use: Scroll            |     6 |     8 |    10 |     6 |     4 ||    34
         Potion            |     1 |     1 |     3 |     2 |       ||     7
   Stab: Distracted        |       |       |     1 |       |       ||     1
 Armour: Scale mail        |    49 |    54 |       |       |       ||   103
         Chain mail        |       |     5 |   172 |   100 |       ||   277
         Plate armour      |       |       |       |   193 |   364 ||   557
  Dodge: Dodged            |    43 |    54 |   103 |   150 |   369 ||   719
  Block: Buckler           |    30 |    28 |    51 |       |       ||   109
         Kite shield       |       |       |    35 |   287 |   534 ||   856
Riposte: War axe           |       |       |    46 |   116 |   222 ||   384
         Demon whip        |       |       |       |     1 |    10 ||    11
         Broad axe         |       |       |       |       |     3 ||     3

Table legend:
 A = Non-vault XP
 B = Vault XP
 C = Vault XP percentage of total XP
 D = Non-vault monster count
 E = Vault monster count
 F = Vault count percentage of total count
                 A         B        C        D         E       F
            +---------+---------+-------+---------+---------+-------
      Total |   64621 |   48043 |  42.6 |     372 |     208 |  35.9
            +---------+---------+-------+---------+---------+-------
        D:1 |      37 |       0 |   0.0 |      23 |       0 |   0.0
        D:2 |      39 |      18 |  31.6 |       9 |       5 |  35.7
        D:3 |      29 |       0 |   0.0 |      16 |       0 |   0.0
        D:4 |     290 |     134 |  31.6 |      22 |       2 |   8.3
        D:5 |     714 |     129 |  15.3 |      23 |       4 |  14.8
        D:6 |     414 |      40 |   8.8 |      17 |       8 |  32.0
        D:7 |    1265 |    1301 |  50.7 |      17 |       5 |  22.7
        D:8 |    2575 |    2025 |  44.0 |      35 |      10 |  22.2
        D:9 |    1774 |    8575 |  82.9 |      20 |      32 |  61.5
       D:10 |    2379 |       0 |   0.0 |      13 |       0 |   0.0
       D:11 |    2161 |       0 |   0.0 |       8 |       0 |   0.0
       D:12 |    6325 |   19886 |  75.9 |      24 |      30 |  55.6
       D:13 |     824 |     676 |  45.1 |       1 |       2 |  66.7
     Lair:1 |    4846 |    1123 |  18.8 |      21 |       3 |  12.5
     Lair:2 |   15367 |     169 |   1.1 |      48 |       1 |   2.0
     Lair:3 |    8963 |    1010 |  10.1 |      24 |       3 |  11.1
     Lair:4 |   10157 |       0 |   0.0 |      31 |       0 |   0.0
     Lair:5 |    6462 |   12490 |  65.9 |      20 |      41 |  67.2
      Sewer |       0 |     237 | 100.0 |       0 |      27 | 100.0
    Ossuary |       0 |     230 | 100.0 |       0 |      35 | 100.0
            +---------+---------+-------+---------+---------+-------
